[Event "8th Mersin Open 2024"]
[Site "Mersin"]
[Date "2024.11.13"]
[Round "6"]
[White "Gulsoy, Mustafa Alpago"]
[Black "Sanz Wawer, Daniel"]
[Result "*"]
[ECO "B13"]
[WhiteElo "2040"]
[BlackElo "2254"]
[Annotator "RC"]
[PlyCount "44"]
[EventDate "2024.11.10"]
[EventType "swiss"]
[EventCountry "TUR"]
[SourceTitle "playchess.com"]
[Source "ChessBase"]
[SourceQuality "1"]
[TimeControl "5400+30"]

1. e4 c6 2. d4 d5 3. exd5 cxd5 4. Bd3 Nc6 5. c3 Nf6 6. Bf4 g6 7. Nd2 Bf5 8. Bxf5 gxf5 9. Ngf3 Rg8 10. O-O e6 11. Re1 Bd6 12. Ne5 Bxe5 13. dxe5 Ne4 14. Nxe4 fxe4 15. c4 Qd7 16. Rc1 Nb4 17. Qh5 Nd3 18. Qxh7 O-O-O 19. cxd5+ Kb8 20. d6 Nxf4 21. Rc7 Qb5 22. a4 Qxb2 *

[Event "8th Mersin Open 2024"]
[Site "Mersin"]
[Date "2024.11.13"]
[Round "6"]
[White "Golshaani, Taha"]
[Black "Saygin, Nurettin"]
[Result "1/2-1/2"]
[ECO "B90"]
[WhiteElo "2026"]
[BlackElo "2066"]
[Annotator "NA RC"]
[PlyCount "139"]
[EventDate "2024.11.10"]
[EventType "swiss"]
[EventCountry "TUR"]
[SourceTitle "playchess.com"]
[Source "ChessBase"]
[SourceQuality "1"]
[TimeControl "5400+30"]

1. e4 c5 2. Nf3 d6 3. d4 cxd4 4. Nxd4 Nf6 5. Nc3 a6 6. Be3 e5 7. Nb3 Be6 8. Qd2 Be7 9. f3 Nbd7 10. O-O-O O-O 11. g4 b5 12. g5 b4 13. Ne2 Nh5 14. Ng3 Nxg3 15. hxg3 a5 16. Bb5 a4 17. Rxh7 Kxh7 18. Qh2+ Kg6 19. f4 f5 20. gxf6 Nxf6 21. f5+ Bxf5 22. exf5+ Kf7 23. Nc5 Rh8 24. Qg2 dxc5 25. Bc4+ Kf8 26. Rxd8+ Rxd8 27. g4 Nxg4 28. Qxg4 Rh1+ 29. Bg1 Rh4 30. Qg2 Rxc4 31. b3 axb3 32. axb3 Rf4 33. Qh3 Rh4 34. Qg2 Rh6 35. Be3 Ra6 36. Kb2 e4 37. Bg5 Bxg5 38. Qxg5 Re8 39. Qe3 Rc6 40. Kc1 Kg8 41. Kd1 Rc7 42. Ke2 c4 43. Qb6 Rf7 44. Qb5 Rc8 45. bxc4 Rfc7 46. Qd5+ Kh8 47. Qxe4 Rc5 48. Kd2 Rf8 49. Qb7 Rfxf5 50. Qxb4 Kh7 51. Kd3 Rh5 52. Qe1 Rce5 53. Qg3 Reg5 54. Qe3 Ra5 55. Qe4+ Kh6 56. Qf4+ Kg6 57. Qg4+ Rhg5 58. Qe6+ Kh7 59. Qe4+ Rgf5 60. Qh4+ Kg8 61. Qd8+ Kf7 62. Qd7+ Kf6 63. Qd8+ Kg6 64. Qd6+ Rf6 65. Qe7 Rff5 66. Qe8+ Kh7 67. Qe7 Rg5 68. Kd4 Rg4+ 69. Kc3 Rgg5 70. Kd4 1/2-1/2

[Event "8th Mersin Open 2024"]
[Site "Mersin"]
[Date "2024.11.13"]
[Round "6"]
[White "Karabulut, Etka"]
[Black "Koksal, Ege"]
[Result "1/2-1/2"]
[ECO "D61"]
[WhiteElo "2024"]
[BlackElo "2316"]
[Annotator "RC"]
[PlyCount "80"]
[EventDate "2024.11.10"]
[EventType "swiss"]
[EventCountry "TUR"]
[SourceTitle "playchess.com"]
[Source "ChessBase"]
[SourceQuality "1"]
[TimeControl "5400+30"]

1. d4 Nf6 2. c4 e6 3. Nf3 d5 4. Nc3 c6 5. Bg5 Be7 6. e3 O-O 7. Qc2 Nbd7 8. cxd5 Nxd5 9. Bxe7 Qxe7 10. Nxd5 exd5 11. Bd3 Nf6 12. O-O g6 13. Rac1 Be6 14. Qc5 Qxc5 15. Rxc5 Nd7 16. Rc3 Rfc8 17. Rfc1 Kf8 18. Kf1 Ke7 19. Ke1 Kd6 20. Nd2 a5 21. a4 h6 22. Nb3 g5 23. Ke2 Rc7 24. Nc5 Nxc5 25. Rxc5 Rcc8 26. R5c3 Rab8 27. Kd2 Bd7 28. Ke1 b6 29. Ba6 Rc7 30. Bb5 Rbb7 31. Ba6 Ra7 32. Be2 c5 33. b3 Bc8 34. Kd2 Ba6 35. Bxa6 Rxa6 36. Kd3 f5 37. h4 Raa7 38. Rh1 Rh7 39. g3 Rab7 40. Rc2 f4 1/2-1/2

[Event "8th Mersin Open 2024"]
[Site "Mersin"]
[Date "2024.11.13"]
[Round "6"]
[White "Norouzi Chenari, Parham"]
[Black "Ozturk, Baran"]
[Result "1-0"]
[ECO "B41"]
[WhiteElo "1899"]
[BlackElo "1853"]
[Annotator "NA RC"]
[PlyCount "76"]
[EventDate "2024.11.10"]
[EventType "swiss"]
[EventCountry "TUR"]
[SourceTitle "playchess.com"]
[Source "ChessBase"]
[SourceQuality "1"]
[TimeControl "5400+30"]

1. e4 c5 2. Nf3 a6 3. c4 Nc6 4. d4 cxd4 5. Nxd4 Qc7 6. Nc3 e6 7. Nc2 Nf6 8. Be2 Bd6 9. Bg5 Be5 10. Bxf6 Bxf6 11. O-O O-O 12. Qd2 b6 13. Rad1 Rd8 14. f4 d6 15. Bf3 Bb7 16. b3 b5 17. Ne3 Na5 18. Ng4 Bxc3 19. Qxc3 bxc4 20. b4 Nc6 21. Qxc4 Qb6+ 22. Kh1 Rac8 23. Qb3 Qb5 24. f5 exf5 25. Ne3 Ne7 26. exf5 Bxf3 27. Rxf3 d5 28. f6 gxf6 29. Ng4 Ng6 30. Qe3 Rc6 31. Nh6+ Kf8 32. Nf5 Ne5 33. Rg3 Ke8 34. Rg8+ Kd7 35. Rxd8+ Kxd8 36. Nd4 Qa4 37. Nxc6+ Qxc6 38. Qc5 Qb5 1-0

[Event "8th Mersin Open 2024"]
[Site "Mersin"]
[Date "2024.11.13"]
[Round "6"]
[White "Kilic, Cihan"]
[Black "Taavoni, Rahim"]
[Result "0-1"]
[ECO "A46"]
[WhiteElo "1894"]
[BlackElo "1958"]
[Annotator "NA RC"]
[PlyCount "116"]
[EventDate "2024.11.10"]
[EventType "swiss"]
[EventCountry "TUR"]
[SourceTitle "playchess.com"]
[Source "ChessBase"]
[SourceQuality "1"]
[TimeControl "5400+30"]

1. d4 Nf6 2. Nf3 e6 3. Bf4 c5 4. e3 Qb6 5. Qc1 Nc6 6. c3 Nh5 7. Bg3 Nxg3 8. hxg3 g6 9. Nbd2 d5 10. dxc5 Qxc5 11. e4 Bg7 12. Bd3 O-O 13. Qc2 Qe7 14. O-O d4 15. cxd4 Nxd4 16. Nxd4 Bxd4 17. Nf3 Bg7 18. e5 b6 19. Be4 Bb7 20. Rac1 Rac8 21. Qa4 Bxe4 22. Qxe4 Rfd8 23. a3 Rxc1 24. Rxc1 Bh6 25. Rc2 Bg7 26. Kh2 h6 27. Qh4 Kf8 28. Qf4 Kg8 29. Qc1 Kh7 30. Rc4 Rd5 31. Qc3 Rc5 32. b4 Rxc4 33. Qxc4 Qd7 34. g4 b5 35. Qe4 Qd5 36. Qxd5 exd5 37. g5 hxg5 38. Nxg5+ Kg8 39. f4 f6 40. Nf3 fxe5 41. fxe5 Kf7 42. Kg3 a6 43. Kf4 Bh6+ 44. Kg4 Ke6 45. g3 Bc1 46. Ne1 Bb2 47. Nd3 Bxe5 48. Kg5 Bxg3 49. Kxg6 d4 50. Kg5 Kd5 51. Kf5 Bd6 52. Nb2 Bf8 53. Kf4 Bh6+ 54. Kf3 Bc1 55. Nd3 Bxa3 56. Kf4 Kc4 57. Ke4 Bxb4 58. Ne5+ Kc3 0-1

[Event "8th Mersin Open 2024"]
[Site "Mersin"]
[Date "2024.11.13"]
[Round "6"]
[White "Kurdas, Halil Ibrahim"]
[Black "Aslan, Berk Can"]
[Result "1-0"]
[ECO "E01"]
[WhiteElo "1887"]
[BlackElo "1720"]
[Annotator "NA RC"]
[PlyCount "122"]
[EventDate "2024.11.10"]
[EventType "swiss"]
[EventCountry "TUR"]
[SourceTitle "playchess.com"]
[Source "ChessBase"]
[SourceQuality "1"]
[TimeControl "5400+30"]

1. d4 Nf6 2. c4 e6 3. g3 d5 4. Bg2 Nbd7 5. Nf3 b6 6. Qc2 Bb7 7. O-O Bd6 8. Nc3 a6 9. Nd2 c5 10. cxd5 Nxd5 11. Nxd5 Bxd5 12. e4 Bb7 13. Nc4 Bb8 14. d5 e5 15. f4 O-O 16. b3 b5 17. Ne3 Ba7 18. Kh1 Rc8 19. Bb2 c4 20. Nf5 c3 21. Ba3 Bc5 22. b4 Be7 23. Rf3 Bf6 24. Rc1 Nb6 25. Ne3 Qe7 26. Rd1 Nc4 27. Nf5 Qd8 28. Bc1 a5 29. a3 axb4 30. axb4 Kh8 31. Bf1 g6 32. Ne3 Nb2 33. Re1 exf4 34. gxf4 Bh4 35. Re2 Na4 36. Rg2 Qd7 37. f5 Ba6 38. f6 Qd6 39. Ng4 h5 40. Bf4 Qd8 41. Bh6 Rg8 42. Bg7+ Rxg7 43. fxg7+ Kxg7 44. Ne5 Rc7 45. Nc6 Qd6 46. Rh3 Qf6 47. Be2 Rxc6 48. dxc6 Bc8 49. e5 Qe7 50. Re3 Qxb4 51. e6 Qb2 52. Bd3 Bxe6 53. Rxe6 fxe6 54. Qxb2 cxb2 55. c7 b1=Q+ 56. Bxb1 Nb6 57. Bxg6 Kf8 58. Bd3 Ke7 59. Bxb5 Kd6 60. Rc2 Nc8 61. Ba6 Kd5 1-0

[Event "8th Mersin Open 2024"]
[Site "Mersin"]
[Date "2024.11.13"]
[Round "6"]
[White "Baghirov, Mahammad"]
[Black "Yigit, Ahmet Yasir"]
[Result "1-0"]
[ECO "A07"]
[WhiteElo "1875"]
[BlackElo "1927"]
[Annotator "NA RC"]
[PlyCount "117"]
[EventDate "2024.11.10"]
[EventType "swiss"]
[EventCountry "TUR"]
[SourceTitle "playchess.com"]
[Source "ChessBase"]
[SourceQuality "1"]
[TimeControl "5400+30"]

1. Nf3 Nf6 2. g3 d5 3. Bg2 c6 4. O-O Bf5 5. b3 e6 6. Bb2 Nbd7 7. d3 Be7 8. Nbd2 O-O 9. Nh4 Bg4 10. h3 Bh5 11. g4 Bg6 12. Nxg6 fxg6 13. e4 g5 14. Nf3 Ne8 15. Qd2 h6 16. exd5 exd5 17. Nd4 Nc7 18. c4 Nb6 19. Rfe1 Bf6 20. Rad1 g6 21. Qc2 Qd7 22. c5 Nc8 23. Re3 Qg7 24. Ne6 Nxe6 25. Rxe6 Bxb2 26. d4 Ne7 27. Qxb2 Rf6 28. Rde1 Rxe6 29. Rxe6 Rf8 30. Qe2 Rf7 31. Qe3 Kh7 32. Bf1 Kg8 33. Bd3 Kh7 34. b4 a6 35. a4 Kg8 36. Kg2 Qf8 37. Bxg6 Nxg6 38. Rxg6+ Kh7 39. Re6 Kg7 40. h4 Rf6 41. Re7+ Kg8 42. hxg5 Rxf2+ 43. Qxf2 Qxe7 44. gxh6 Qg5 45. Qf5 Qd2+ 46. Kg3 Qe3+ 47. Kh4 Qxh6+ 48. Qh5 Qe6 49. Qg5+ Kh8 50. Qe5+ Qxe5 51. dxe5 Kg7 52. Kg5 Kf7 53. Kf5 a5 54. bxa5 Kg7 55. g5 Kg8 56. e6 Kg7 57. Ke5 Kg6 58. e7 Kf7 59. Kd6 1-0

[Event "8th Mersin Open 2024"]
[Site "Mersin"]
[Date "2024.11.13"]
[Round "6"]
[White "Asgharvand, Davood"]
[Black "Karaalioglu, Zeynel Mansur"]
[Result "0-1"]
[ECO "C10"]
[WhiteElo "1874"]
[BlackElo "1875"]
[Annotator "NA RC"]
[PlyCount "89"]
[EventDate "2024.11.10"]
[EventType "swiss"]
[EventCountry "TUR"]
[SourceTitle "playchess.com"]
[Source "ChessBase"]
[SourceQuality "1"]
[TimeControl "5400+30"]

1. e4 e6 2. d4 d5 3. Nc3 Be7 4. Be3 Nf6 5. Bd3 b6 6. e5 Nfd7 7. Qg4 g5 8. Qh5 c5 9. Nb5 cxd4 10. Bxd4 Nc6 11. Nf3 a6 12. Nxg5 Ndxe5 13. Nxf7 Nxf7 14. Bxh8 axb5 15. Bxb5 Qd6 16. O-O Bd7 17. Bc3 Ncd8 18. Bxd7+ Kxd7 19. Qxh7 Ra4 20. Qd3 Ng5 21. Rfe1 Ne4 22. Be5 Qc5 23. Rf1 Nc6 24. Bc3 Nxc3 25. bxc3 Rc4 26. a4 Rxc3 27. Qa6 Rxc2 28. Qb7+ Kd6 29. Rab1 Bd8 30. g3 Nd4 31. Qf7 Bc7 32. Rfe1 Kc6 33. Kg2 Kb7 34. Red1 Nf5 35. Rf1 Ne3+ 36. Kg1 Nxf1 37. Rxf1 Qc6 38. h4 d4 39. a5 bxa5 40. Qg7 e5 41. h5 d3 42. Qf7 d2 43. Qb3+ Bb6 44. h6 Rc1 45. g4 0-1

[Event "8th Mersin Open 2024"]
[Site "Mersin"]
[Date "2024.11.13"]
[Round "6"]
[White "Orak, Yunus"]
[Black "Turkmen, Yusuf Cagan"]
[Result "0-1"]
[ECO "B32"]
[WhiteElo "1859"]
[BlackElo "1942"]
[Annotator "NA RC"]
[PlyCount "112"]
[EventDate "2024.11.10"]
[EventType "swiss"]
[EventCountry "TUR"]
[SourceTitle "playchess.com"]
[Source "ChessBase"]
[SourceQuality "1"]
[TimeControl "5400+30"]

1. e4 c5 2. Nf3 Nc6 3. d4 cxd4 4. Nxd4 e5 5. Nb5 d6 6. N1c3 a6 7. Na3 Be7 8. Nc4 b5 9. Ne3 Nf6 10. Ned5 O-O 11. Be2 Nxd5 12. Nxd5 Bg5 13. O-O Bxc1 14. Qxc1 Be6 15. Ne3 Nd4 16. Qd2 Qh4 17. Bd3 Qg5 18. Kh1 Qd8 19. c3 Nc6 20. a4 Qb6 21. Bb1 Na5 22. Ba2 Nc4 23. Bxc4 bxc4 24. Rfd1 Rfd8 25. a5 Qb7 26. Qc2 Rab8 27. Rd2 Qb5 28. Kg1 h6 29. Kf1 Kf8 30. Ke2 Qc5 31. Qb1 Rb5 32. Qa2 Rdb8 33. Kf3 g6 34. h3 f5 35. exf5 gxf5 36. Qa3 Qxa3 37. Rxa3 Ke7 38. Nd1 Bd5+ 39. Kg3 Rg8+ 40. Kh4 Bxg2 41. Ne3 Ke6 42. Nxc4 d5 43. Nb6 Be4 44. c4 dxc4 45. Nxc4 Rb4 46. Rc3 Bd5 47. b3 Rgb8 48. Kh5 Rxb3 49. Rxb3 Rxb3 50. Ne3 Be4 51. h4 f4 52. Nc4 Bd3 53. Nb2 Bb5 54. Kxh6 Kf5 55. h5 Rh3 56. Rd5 Be2 0-1

[Event "8th Mersin Open 2024"]
[Site "Mersin"]
[Date "2024.11.13"]
[Round "6"]
[White "Azizli, Nurlan"]
[Black "Avsar, Gediz"]
[Result "0-1"]
[ECO "A75"]
[WhiteElo "1853"]
[BlackElo "1926"]
[Annotator "NA RC"]
[PlyCount "152"]
[EventDate "2024.11.10"]
[EventType "swiss"]
[EventCountry "TUR"]
[SourceTitle "playchess.com"]
[Source "ChessBase"]
[SourceQuality "1"]
[TimeControl "5400+30"]

1. d4 Nf6 2. Nf3 e6 3. c4 c5 4. d5 exd5 5. cxd5 d6 6. Nc3 g6 7. e4 Bg7 8. Be2 O-O 9. O-O Bg4 10. Nd2 Bxe2 11. Qxe2 a6 12. a4 Nbd7 13. Nc4 Nb6 14. Ne3 Qe7 15. a5 Nbd7 16. Nc4 Ne5 17. Nb6 Rae8 18. Bg5 h6 19. Bh4 g5 20. Bg3 Nfd7 21. Nc4 Nxc4 22. Qxc4 Ne5 23. Qe2 Ng6 24. Qd2 h5 25. h3 h4 26. Bh2 Be5 27. Rae1 Bxh2+ 28. Kxh2 Qe5+ 29. Kg1 Nf4 30. Nd1 Kg7 31. f3 Qd4+ 32. Rf2 Qxd2 33. Rxd2 f5 34. Nf2 Nh5 35. b4 cxb4 36. Rb2 Ng3 37. Rxb4 Rf7 38. Rb6 fxe4 39. Nxe4 Nxe4 40. fxe4 Rd7 41. Re3 Kf6 42. Rf3+ Kg6 43. Re3 Kf6 44. Kf2 Ke5 45. Rf3 Ree7 46. Ke3 Rf7 47. Rb4 Rc7 48. Rxf7 Rxf7 49. Rc4 Rf4 50. Rb4 g4 51. hxg4 Rxg4 52. Rxb7 Rxe4+ 53. Kf3 Rf4+ 54. Ke3 Re4+ 55. Kf3 Rf4+ 56. Ke3 Ra4 57. Rh7 Kxd5 58. Rh6 Kc5 59. Rh5+ d5 60. Kd2 Rg4 61. Kc1 Rxg2 62. Rxh4 Ra2 63. Rh5 Rxa5 64. Kb2 Kc4 65. Kc2 Ra3 66. Rh8 a5 67. Rh4+ d4 68. Rh8 Ra2+ 69. Kc1 a4 70. Rh3 a3 71. Rg3 d3 72. Rg8 Ra1+ 73. Kd2 a2 74. Rc8+ Kd5 75. Rd8+ Kc6 76. Rxd3 Rb1 0-1

[Event "8th Mersin Open 2024"]
[Site "Mersin"]
[Date "2024.11.13"]
[Round "6"]
[White "Ilek, Kadir Bertan"]
[Black "Tatlioglu, Ege"]
[Result "1-0"]
[ECO "D00"]
[WhiteElo "1827"]
[BlackElo "1910"]
[Annotator "NA RC"]
[PlyCount "67"]
[EventDate "2024.11.10"]
[EventType "swiss"]
[EventCountry "TUR"]
[SourceTitle "playchess.com"]
[Source "ChessBase"]
[SourceQuality "1"]
[TimeControl "5400+30"]

1. d4 Nf6 2. Bf4 d5 3. e3 c5 4. dxc5 e6 5. b4 a5 6. c3 axb4 7. cxb4 b6 8. Bxb8 Rxb8 9. Bb5+ Ke7 10. c6 g6 11. Nd2 Bg7 12. Rc1 Qc7 13. Ngf3 e5 14. O-O h5 15. Re1 e4 16. Nd4 Ng4 17. Nf1 Be5 18. f4 Bd6 19. Qb3 Nf6 20. a4 g5 21. Ng3 gxf4 22. Ngf5+ Kf8 23. Nxd6 Qxd6 24. c7 Ra8 25. Rc6 Qe5 26. Qc3 Ng4 27. h3 f3 28. hxg4 Qg3 29. Nxf3 Rh7 30. Qe5 Qxg4 31. Rd6 Be6 32. Rd8+ Ke7 33. Rxa8 exf3 34. Re8# 1-0

[Event "8th Mersin Open 2024"]
[Site "Mersin"]
[Date "2024.11.13"]
[Round "6"]
[White "Celik, Fatih"]
[Black "Shiraliyev, Muslim"]
[Result "0-1"]
[ECO "C00"]
[WhiteElo "1578"]
[BlackElo "1520"]
[Annotator "NA RC"]
[PlyCount "130"]
[EventDate "2024.11.10"]
[EventType "swiss"]
[EventCountry "TUR"]
[SourceTitle "playchess.com"]
[Source "ChessBase"]
[SourceQuality "1"]
[TimeControl "5400+30"]

1. e4 c5 2. Nf3 e6 3. d3 d5 4. Nbd2 Nc6 5. g3 Nf6 6. Bg2 dxe4 7. dxe4 Be7 8. O-O O-O 9. c3 b6 10. Re1 Bb7 11. Qc2 e5 12. Nc4 Qc7 13. Bg5 Rad8 14. Bxf6 Bxf6 15. Ne3 Ne7 16. Ng4 Qd6 17. Red1 Qe6 18. Bh3 Qc4 19. Nfxe5 Bxe5 20. Nxe5 Qxe4 21. Qxe4 Bxe4 22. Rd7 Rxd7 23. Nxd7 Rd8 24. Rd1 Nc6 25. Bg2 Bxg2 26. Kxg2 Kh8 27. Re1 h6 28. Ne5 Nxe5 29. Rxe5 Kg8 30. Re7 Rd2 31. Rxa7 Rxb2 32. Rb7 Rxa2 33. Rxb6 Ra3 34. Rb8+ Kh7 35. Rb7 f6 36. Kf3 Rxc3+ 37. Ke2 Rc2+ 38. Ke3 Kg6 39. Rc7 c4 40. h3 c3 41. h4 h5 42. Rc4 Rc1 43. Kd3 Kf5 44. Rf4+ Kg6 45. Rc4 Rf1 46. Ke2 Rc1 47. Kd3 c2 48. Rxc2 Rxc2 49. Kxc2 Kf5 50. Kd3 Kg4 51. Ke2 f5 52. Kf1 Kf3 53. Kg1 f4 54. gxf4 Kxf4 55. Kg2 Kg4 56. f3+ Kxh4 57. Kh2 Kg5 58. Kg3 h4+ 59. Kh3 g6 60. f4+ Kxf4 61. Kxh4 g5+ 62. Kh3 Kf3 63. Kh2 g4 64. Kg1 Kg3 65. Kh1 Kf2 0-1

[Event "8th Mersin Open 2024"]
[Site "Mersin"]
[Date "2024.11.13"]
[Round "6"]
[White "Ulgez, Selin"]
[Black "Yalcin, Enes Furkan"]
[Result "0-1"]
[ECO "A80"]
[WhiteElo "1569"]
[BlackElo "1585"]
[Annotator "NA RC"]
[PlyCount "72"]
[EventDate "2024.11.10"]
[EventType "swiss"]
[EventCountry "TUR"]
[SourceTitle "playchess.com"]
[Source "ChessBase"]
[SourceQuality "1"]
[TimeControl "5400+30"]

1. d4 f5 2. Nf3 Nf6 3. Bf4 e6 4. e3 d6 5. Be2 Nc6 6. O-O g6 7. c4 Ne7 8. h3 Bg7 9. Nc3 O-O 10. Rc1 c6 11. b4 Ne4 12. Bd3 Nxc3 13. Rxc3 c5 14. a3 Nc6 15. Bg5 Qc7 16. b5 cxd4 17. Rc1 Ne5 18. Nxd4 h6 19. Bh4 Nxd3 20. Qxd3 e5 21. Nc2 g5 22. Bg3 Be6 23. Nb4 f4 24. exf4 exf4 25. Bh2 Rad8 26. Nd5 Qf7 27. Rfd1 Rd7 28. Kh1 Be5 29. f3 Qh5 30. Bg1 Rg7 31. Bd4 Bxh3 32. gxh3 Qxh3+ 33. Kg1 g4 34. Kf2 Bxd4+ 35. Qxd4 Qh2+ 36. Kf1 gxf3 0-1

[Event "8th Mersin Open 2024"]
[Site "Mersin"]
[Date "2024.11.13"]
[Round "6"]
[White "Fidan, Naz Mercan"]
[Black "Arslan, Hazar"]
[Result "0-1"]
[ECO "C00"]
[WhiteElo "1552"]
[BlackElo "1597"]
[Annotator "NA RC"]
[PlyCount "82"]
[EventDate "2024.11.10"]
[EventType "swiss"]
[EventCountry "TUR"]
[SourceTitle "playchess.com"]
[Source "ChessBase"]
[SourceQuality "1"]
[TimeControl "5400+30"]

1. e4 e6 2. d3 d5 3. Nd2 Nf6 4. Ngf3 c5 5. g3 Be7 6. Bg2 Nc6 7. O-O O-O 8. Re1 Qc7 9. e5 Nd7 10. Qe2 b5 11. Nf1 a5 12. h4 Ba6 13. N1h2 c4 14. d4 c3 15. b3 b4 16. Qd1 a4 17. Be3 axb3 18. axb3 Bb5 19. Ng5 Rxa1 20. Qxa1 Qa5 21. Qd1 Qa2 22. Qg4 Bxg5 23. Bxg5 Qxc2 24. h5 Ra8 25. Bxd5 exd5 26. e6 Nf8 27. exf7+ Kxf7 28. Qf3+ Kg8 29. Ng4 Qxb3 30. h6 Nxd4 31. Qe3 Re8 32. Qxd4 Rxe1+ 33. Kh2 Ne6 34. Qa7 Qd1 35. Qa8+ Nf8 36. hxg7 Rh1+ 37. Kg2 Qf1+ 38. Kf3 Qe2+ 39. Kg2 Qe4+ 40. f3 Bf1+ 41. Kxh1 Qxf3+ 0-1

[Event "8th Mersin Open 2024"]
[Site "Mersin"]
[Date "2024.11.13"]
[Round "6"]
[White "Ozturk, Yucel Mert"]
[Black "Kocacik, Dogukan"]
[Result "1-0"]
[ECO "D05"]
[WhiteElo "1545"]
[BlackElo "1586"]
[Annotator "NA RC"]
[PlyCount "57"]
[EventDate "2024.11.10"]
[EventType "swiss"]
[EventCountry "TUR"]
[SourceTitle "playchess.com"]
[Source "ChessBase"]
[SourceQuality "1"]
[TimeControl "5400+30"]

1. d4 Nf6 2. Nf3 c5 3. e3 b6 4. b3 e6 5. Bb2 Bb7 6. Nbd2 d5 7. Bd3 Nbd7 8. O-O Bd6 9. Ne5 O-O 10. f4 Ne8 11. Rf3 f5 12. Rh3 Ndf6 13. Ndf3 h6 14. Ng6 Rf7 15. Ng5 Qd7 16. Nxf7 Qxf7 17. Ne5 Bxe5 18. fxe5 Nh7 19. Rf3 g5 20. Rf2 h5 21. c4 g4 22. cxd5 Bxd5 23. e4 Nc7 24. exd5 Nxd5 25. Be4 Rd8 26. dxc5 Ng5 27. Bxd5 Rxd5 28. Qe2 Ne4 29. Qxe4 1-0

[Event "8th Mersin Open 2024"]
[Site "Mersin"]
[Date "2024.11.13"]
[Round "6"]
[White "Sahin, Mert"]
[Black "Sadigov, Kamil"]
[Result "1/2-1/2"]
[ECO "B15"]
[WhiteElo "1534"]
[BlackElo "1565"]
[Annotator "NA RC"]
[PlyCount "76"]
[EventDate "2024.11.10"]
[EventType "swiss"]
[EventCountry "TUR"]
[SourceTitle "playchess.com"]
[Source "ChessBase"]
[SourceQuality "1"]
[TimeControl "5400+30"]

1. e4 c6 2. d4 d5 3. Nd2 dxe4 4. Nxe4 Nf6 5. Nxf6+ exf6 6. Bc4 Bd6 7. Qe2+ Qe7 8. Qxe7+ Bxe7 9. Ne2 O-O 10. Bf4 Bf5 11. Kd2 Nd7 12. a4 Nb6 13. Bb3 Rac8 14. a5 Nd5 15. a6 b6 16. f3 Rfd8 17. c3 Nxf4 18. Nxf4 c5 19. Nd5 Bf8 20. Ne3 Bg6 21. d5 b5 22. c4 bxc4 23. Bxc4 Bd6 24. b3 Be5 25. Rae1 Rc7 26. g3 Re7 27. Ng4 Bd6 28. Rxe7 Bxe7 29. Re1 Bd6 30. Nf2 Kf8 31. f4 Bc7 32. Re3 Bf5 33. Nd1 Ba5+ 34. Kc1 g6 35. Nb2 Rd6 36. Na4 Bb4 37. Nc3 Bxc3 38. Rxc3 Ke8 1/2-1/2

[Event "8th Mersin Open 2024"]
[Site "Mersin"]
[Date "2024.11.13"]
[Round "6"]
[White "Huseynli, Nurey"]
[Black "Tawel, Ihab."]
[Result "0-1"]
[ECO "E94"]
[WhiteElo "1505"]
[BlackElo "1584"]
[Annotator "NA RC"]
[PlyCount "94"]
[EventDate "2024.11.10"]
[EventType "swiss"]
[EventCountry "TUR"]
[SourceTitle "playchess.com"]
[Source "ChessBase"]
[SourceQuality "1"]
[TimeControl "5400+30"]

1. d4 d6 2. c4 Nf6 3. Nc3 g6 4. e4 Nbd7 5. Be2 Bg7 6. Nf3 O-O 7. O-O e5 8. d5 Nc5 9. Qc2 a6 10. Bg5 Bg4 11. h3 Bxf3 12. Bxf3 Rb8 13. b4 Ncd7 14. Be2 a5 15. a3 h6 16. Be3 axb4 17. axb4 b6 18. Ra7 Ne8 19. Bg4 h5 20. Bxd7 Qxd7 21. c5 bxc5 22. bxc5 Qc8 23. c6 f5 24. exf5 gxf5 25. f3 f4 26. Bf2 Qf5 27. Qe2 e4 28. fxe4 Qg6 29. Qf3 Rb3 30. Rc1 Qf6 31. Be1 Qd4+ 32. Bf2 Qd2 33. Qd1 Bxc3 34. Qxd2 Bxd2 35. Rc2 Be3 36. Rb7 Ra3 37. Rcb2 Ra1+ 38. Rb1 Rxb1+ 39. Rxb1 Nf6 40. Bxe3 fxe3 41. Re1 Re8 42. Rxe3 Rxe4 43. Kf2 Rxe3 44. Kxe3 Nxd5+ 45. Kd4 Ne7 46. g4 hxg4 47. hxg4 Nxc6+ 0-1

[Event "8th Mersin Open 2024"]
[Site "Mersin"]
[Date "2024.11.13"]
[Round "6"]
[White "Yagublu, Azad"]
[Black "Doygun, Lena"]
[Result "0-1"]
[ECO "A25"]
[WhiteElo "1458"]
[BlackElo "1593"]
[Annotator "NA RC"]
[PlyCount "48"]
[EventDate "2024.11.10"]
[EventType "swiss"]
[EventCountry "TUR"]
[SourceTitle "playchess.com"]
[Source "ChessBase"]
[SourceQuality "1"]
[TimeControl "5400+30"]

1. c4 e5 2. Nc3 Nf6 3. g3 Bc5 4. Bg2 Nc6 5. e3 O-O 6. d4 exd4 7. exd4 Re8+ 8. Nge2 Nxd4 9. O-O Nxe2+ 10. Nxe2 c6 11. Nc3 Bb4 12. Bg5 Bxc3 13. bxc3 h6 14. Bxf6 Qxf6 15. Qb3 b6 16. Rad1 Qe7 17. a4 Ba6 18. Rfe1 Qxe1+ 19. Rxe1 Rxe1+ 20. Bf1 d5 21. cxd5 Bxf1 22. h4 Bc4+ 23. Kh2 Bxb3 24. dxc6 Rc8 0-1

[Event "8th Mersin Open 2024"]
[Site "Mersin"]
[Date "2024.11.14"]
[Round "7"]
[White "Bernadskiy, Vitaliy"]
[Black "Yermolinsky, Alex"]
[Result "1-0"]
[ECO "B30"]
[WhiteElo "2543"]
[BlackElo "2417"]
[Annotator "RC"]
[PlyCount "66"]
[EventDate "2024.11.10"]
[EventType "swiss"]
[EventCountry "TUR"]
[SourceTitle "playchess.com"]
[Source "ChessBase"]
[SourceQuality "1"]
[TimeControl "5400+30"]

1. e4 c5 2. Nc3 Nc6 3. Bb5 Nd4 4. Nf3 e6 5. O-O a6 6. Bd3 Nc6 7. a3 Nf6 8. Re1 d6 9. Bf1 Be7 10. d3 O-O 11. Ne2 d5 12. e5 Ng4 13. d4 f6 14. h3 Nxf2 15. Kxf2 fxe5 16. dxe5 Nxe5 17. Neg1 Qd6 18. g3 Nxf3 19. Nxf3 e5 20. Kg1 e4 21. Bf4 Rxf4 22. gxf4 exf3 23. Qxf3 Bd7 24. Bg2 Bc6 25. f5 Rf8 26. Rad1 Bf6 27. Re6 Qc7 28. Kh1 Kh8 29. b3 Qf7 30. Qg3 Bd7 31. Re2 d4 32. Qd6 Bxf5 33. Bd5 b5 1-0

[Event "8th Mersin Open 2024"]
[Site "Mersin"]
[Date "2024.11.14"]
[Round "7"]
[White "Annaberdiyev, Meylis"]
[Black "Topuz, Mirac Melih"]
[Result "1-0"]
[ECO "D11"]
[WhiteElo "2443"]
[BlackElo "2097"]
[Annotator "RC"]
[PlyCount "105"]
[EventDate "2024.11.10"]
[EventType "swiss"]
[EventCountry "TUR"]
[SourceTitle "playchess.com"]
[Source "ChessBase"]
[SourceQuality "1"]
[TimeControl "5400+30"]

1. Nf3 Nf6 2. c4 c6 3. d4 d5 4. Qc2 g6 5. cxd5 cxd5 6. Nc3 Bg7 7. Bf4 O-O 8. e3 Nc6 9. Be2 Qb6 10. O-O Bf5 11. Qb3 Qxb3 12. axb3 Rac8 13. Ne5 a6 14. Rfc1 Rfd8 15. h3 Ne8 16. Nxc6 Rxc6 17. g4 Be6 18. Na4 Rdc8 19. Rc5 Bd7 20. b4 Nd6 21. Rxc6 Rxc6 22. Nc3 e6 23. b5 axb5 24. Nxb5 Ne8 25. Nc3 Rb6 26. Na4 Rb4 27. Nc5 Bc6 28. Nd3 Rb3 29. Ra8 f6 30. g5 Kf7 31. gxf6 Bxf6 32. Bg3 Bb5 33. Nc5 Rxb2 34. Bg4 Bc6 35. Bxe6+ Ke7 36. Rc8 Bb5 37. Bg4 h5 38. Bf3 Bc6 39. h4 Ng7 40. Rc7+ Ke8 41. Rc8+ Ke7 42. Nd3 Rb1+ 43. Kg2 Nf5 44. Nf4 Rb2 45. Nxg6+ Kd7 46. Rf8 Nxe3+ 47. Kh1 Rb1+ 48. Kh2 Nf1+ 49. Kg2 Nxg3 50. Rxf6 Ne4 51. Ne5+ Ke7 52. Rh6 Rb3 53. Be2 1-0